 Dungeon Crawl Stone Soup version 0.24.0-29-g8ce449bc06 (webtiles) character file.

Game seed: 12588642710730607235, levelgen mode: deterministic

28 Flugslaktarn the Skirmisher (level 3, -9/33 HPs)
             Began as a Minotaur Fighter on Nov 13, 2019.
             Killed by nerve-wracking pain
             ... invoked by a shadow imp
              (14 damage)
             ... on level 3 of the Dungeon.
             The game lasted 00:00:29 (399 turns).

Flugslaktarn the Skirmisher (Minotaur Fighter)       Turns: 399, Time: 00:00:29

Health: -9/33      AC: 11    Str: 21    XL:     3   Next: 0%
Magic:  2/2        EV: 20    Int:  5    God:
Gold:   14         SH: 10    Dex: 14    Spells: 2/2 levels left

rFire    . . .     SeeInvis .   a - +0 war axe
rCold    . . .     Gourm    .   c - +0 shield
rNeg     . . .     Faith    .   p - +0 chain mail
rPois    .         Spirit   .   i - +2 hat
rElec    .         Reflect  .   (no cloak)
rCorr    .         Harm     .   (no gloves)
MR       .....                  (no boots)
Stlth    ..........             l - amulet of the acrobat
HPRegen  0.11/turn              k - +5 ring of dexterity
MPRegen  0.08/turn              (no ring)

@: acrobat
A: retaliatory headbutt, horns 2
a: no special abilities


You were on level 3 of the Dungeon.
You were not hungry.

You visited 1 branch of the dungeon, and saw 3 of its levels.

You collected 14 gold pieces.

Inventory:

Hand Weapons
 a - a +0 war axe (weapon)
Armour
 c - a +0 shield (worn)
 i - a +2 hat (worn)
   (You found it on level 2 of the Dungeon)
 p - a +0 chain mail (worn)
   (You found it on level 3 of the Dungeon)
Jewellery
 k - a +5 ring of dexterity (left hand)
   (You found it on level 2 of the Dungeon)
 l - an amulet of the acrobat (around neck)
   (You found it on level 2 of the Dungeon)
Scrolls
 h - a scroll of immolation {unknown}
 j - 2 scrolls of remove curse {unknown}
 m - a scroll of identify {unknown}
Potions
 d - 2 potions of might
 g - 2 potions of heal wounds {unknown}
 n - a potion of flight {unknown}
 o - a potion of mutation {unknown}
Comestibles
 e - 2 rations
 f - 6 chunks of flesh


   Skills:
 + Level 4.0 Fighting
 * Level 3.2 Axes
 + Level 3.9 Armour
 + Level 3.9 Shields


You had 2 spell levels left.
You didn't know any spells.
Your spell library was empty.

Dungeon Overview and Level Annotations

Branches:
Dungeon (3/15)

Altars:


Innate Abilities, Weirdness & Mutations

You reflexively headbutt those who attack you in melee.
You have a pair of horns on your head.


Message History

Your experience leads to an increase in your attributes!
Your base attributes are Str 20, Int 5, Dex 9.
Increase (S)trength, (I)ntelligence, or (D)exterity?
You feel stronger. The shadow imp spits at you.
You block the shadow imp's attack.
Your shield and chain mail prevent you from hitting the shadow imp.
You headbutt the shadow imp.
The shadow imp is moderately wounded.
The shadow imp hits you.
* * * LOW HITPOINT WARNING * * *
Your chain mail prevents you from hitting the shadow imp.
The shadow imp is moderately wounded.
You hit the worm.
The shadow imp hits you but does no damage.
You block the shadow imp's attack.
Unknown command.
The shadow imp gestures at you. Pain shoots through your body!
You die...

......... ........#
........### .# #........#
..## #........##s...
[#########..............
......[.....##.w5..# .
.....[......##.....##..
..............@†......#
........................ .
.....................#..
..###+##.[................
....<......#.......#......
...........#.......#......
...........#.........###.
##.........'..........#
#......####..........#


You could see a worm, a shadow imp and a giant cockroach.

Vanquished Creatures
  An adder (D:2)
  A worm (D:3)
  A ball python (D:2)
  2 giant cockroaches (D:3)
  A hobgoblin (D:1)
  2 jackals (D:1)
  A kobold (D:1)
  2 bats (D:1)
  2 frilled lizards
  5 rats
18 creatures vanquished.

Notes
Turn   | Place    | Note
-------+----------+-------------------------------------------
     0 | D:1      | Flugslaktarn the Minotaur Fighter began the quest for the
                  | Orb.
     0 | D:1      | Reached XP level 1. HP: 19/19 MP: 0/0
    78 | D:1      | Reached XP level 2. HP: 27/27 MP: 1/1
   382 | D:3      | Reached skill level 4 in Fighting
   395 | D:3      | Reached XP level 3. HP: 8/33 MP: 2/2
   399 | D:3      | Killed from afar by a shadow imp

Levels and vault maps discovered:
D:1:      wander_arrival_lonely_grave, layout_basic
D:2:      layout_loops_ring, serial_forest, infiniplex_forest_clump_large,
          infiniplex_forest_diagonal, infiniplex_forest_side_room,
          infiniplex_forest_corner_2, infiniplex_forest_corner_1,
          infiniplex_forest_end_double, infiniplex_forest_lined_2,
          infiniplex_forest_clump_small, fedhas_altar_2
D:3:      layout_basic, ebering_ghost_sewer_d

Skill      XL: |  1  2 |
---------------+-------+-----
Axes           | 3 |  3.2
Fighting       | 4 |  4.0
Armour         | |  3.9
Shields        | |  3.9

Action                   || total
-------------------------++-------
Melee: War axe           ||    37
       Headbutt          ||     9
Armor: Scale mail        ||    12
       Chain mail        ||     3
Dodge: Dodged            ||    10
Block: Shield            ||    23
